AoeStats
← old f1sh

Black Forest

509337135Analyzed
4v4 RM · 6d ago on Sep 26, 2026· 44m 36s· 8 players
Game mode
Random Map
Map size
Large (8 player)
Population
200
Speed
Normal
Resources
Standard
Victory
Conquest
Starting age
Dark Age
Ending age
Imperial Age
RankedLock teamsTeams togetherTeam positionsShared explorationLock speedFull tech treeHidden civsTurbo modeCheats
Victory
Defeat
🇨🇳 Burgundians · China
1587
+11
🇨🇳 Danes · China
1468
+15
1466
+15
🇲🇽 Maya · Mexico
1435
+17
🇩🇪 Danes · Germany
1492
-16
🇨🇳 Mongols · China
1447
-14
🇪🇸 Saracens · Spain
1443
-14
🇨🇳 Franks · China
1443
-14
VaultBoy
6:20 Loom
11:52 Feudal Age
12:29 Double-Bit Axe
12:36 Horse Collar
15:26 Castle Age
16:44 Bow Saw
16:38 Heavy Plow
21:42 Wheelbarrow
22:16 Gold Mining
22:17 Stone Mining
26:55 Hand Cart
27:03 Bloodlines
29:31 Imperial Age
28:07 Forging
28:03 Scale Barding Armor
27:59 Husbandry
29:28 Iron Casting
30:35 Chain Barding Armor
30:14 Elite Mameluke
32:37 Plate Barding Armor
33:02 Blast Furnace
32:33 Heavy Camel Rider
Mumulover
0:40 Loom
13:33 Feudal Age
14:49 Town Watch
17:21 Castle Age
15:16 Double-Bit Axe
15:45 Horse Collar
19:54 Scale Mail Armor
20:05 Forging
19:49 Gold Mining
21:25 Wheelbarrow
27:30 Chain Mail Armor
30:13 Fletching
第一滴血
9:41 Feudal Age
13:34 Castle Age
11:20 Double-Bit Axe
11:44 Horse Collar
13:56 Wheelbarrow
14:37 Heavy Plow
21:43 Hand Cart
22:36 Bow Saw
22:53 Gold Mining
27:17 Imperial Age
25:44 Fletching
26:16 Ballistics
27:20 Gold Shaft Mining
26:36 Stone Mining
28:08 Bodkin Arrow
29:15 Chemistry
28:58 Conscription
29:22 Town Watch
29:24 Loom
29:43 Elite Mangudai
30:37 Bracer
30:51 Bloodlines
30:59 Thumb Ring
30:57 Padded Archer Armor
31:06 Husbandry
31:48 Masonry
31:54 Caravan
32:24 Parthian Tactics
32:15 Leather Archer Armor
32:27 Capped Ram
37:20 Hoardings
37:28 Siege Ram
37:48 Light Cavalry
39:23 Drill
39:12 Hussar
39:58 Scale Barding Armor
40:04 Forging
大手
5:03 Loom
11:52 Feudal Age
15:59 Castle Age
13:51 Double-Bit Axe
17:22 Bow Saw
22:02 Wheelbarrow
23:04 Gold Mining
23:25 Stone Mining
29:08 Imperial Age
26:24 Town Watch
27:44 Gold Shaft Mining
28:46 Scale Barding Armor
29:23 Hand Cart
30:22 Cavalier
31:04 Husbandry
32:00 Fortified Wall
32:02 Masonry
32:13 Paladin
33:35 Chain Barding Armor
34:06 Forging
35:26 Plate Barding Armor
35:55 Iron Casting
39:05 Blast Furnace
40:19 Fletching
41:59 Ballistics
41:28 Arrowslits
42:14 Architecture
41:41 Murder Holes
42:50 Chemistry
Moctezama
0:26 Loom
10:36 Feudal Age
16:13 Castle Age
17:04 Double-Bit Axe
24:13 Horse Collar
25:27 Bow Saw
28:12 Wheelbarrow
28:35 Pikeman
32:44 Imperial Age
30:53 Scale Mail Armor
31:04 Forging
30:39 Eagle Warrior
32:01 Hul'che Javelineers
33:07 Squires
33:47 Conscription
34:01 Holcans
34:13 Chain Mail Armor
34:32 Halberdier
36:24 Plate Mail Armor
36:30 Iron Casting
42:04 Gold Mining
42:27 Arson
44:32 Hul'che Javelineers
44:40 Caravan
old f1sh
4:08 Double-Bit Axe
10:30 Feudal Age
11:32 Bow Saw
14:06 Castle Age
13:31 Horse Collar
14:12 Heavy Plow
15:03 Wheelbarrow
20:54 Hand Cart
21:27 Gold Mining
25:26 Imperial Age
24:01 Gold Shaft Mining
23:40 Padded Archer Armor
23:41 Scale Mail Armor
23:51 Forging
23:55 Guilds
24:14 Loom
25:22 Leather Archer Armor
25:23 Chain Mail Armor
27:07 Chemistry
27:41 Iron Casting
28:58 Plate Mail Armor
30:27 Blast Furnace
30:37 Squires
30:22 Arson
36:35 Caravan
37:05 Coinage
39:31 Masonry
44:08 Fletching
45:16 Burgundian Vineyards
45:32 Conscription
V我50%匡扶汉室
0:55 Loom
11:37 Feudal Age
15:35 Castle Age
14:22 Horse Collar
29:28 Gold Mining
30:34 Wheelbarrow
33:04 Imperial Age
30:32 Stone Mining
31:54 Hand Cart
31:44 Scale Mail Armor
31:55 Forging
31:55 Pikeman
32:35 Squires
32:20 Arson
32:55 Chain Mail Armor
32:48 Arson
33:16 Halberdier
35:18 Iron Casting
35:58 Conscription
35:45 Tower Shields
43:36 Fletching
43:46 Padded Archer Armor
43:52 Scale Barding Armor
43:45 Double-Bit Axe
涅槃重生
10:54 Feudal Age
15:17 Castle Age
13:09 Double-Bit Axe
13:06 Horse Collar
14:09 Gold Mining
16:35 Bow Saw
26:03 Loom
26:53 Wheelbarrow
27:09 Forging
27:00 Scale Mail Armor
29:41 Imperial Age
27:02 Town Watch
28:42 Iron Casting
28:48 Chain Mail Armor
28:55 Hand Cart
28:56 Gambesons
29:11 Squires
28:57 Arson
29:59 Gold Shaft Mining
29:16 Stone Mining
31:32 Chemistry
29:59 Onager
30:33 Fletching
32:20 Blast Furnace
31:51 Plate Mail Armor
32:12 Siege Onager
33:30 Conscription
36:18 Elite Varangian Guard
40:12 Elite Jomsviking
41:43 Siege Engineers
43:48 Capped Ram
Connection lost

Rejoining the realm…

Still unreachable

The connection could not be restored.

Session expired

The server has moved on; the page needs a fresh start.